 Dungeon Crawl Stone Soup version 0.29-a0-330-g52719c12eb (webtiles) character file.

Game seed: 6932775907023219879

26506 OgAr the Basher (level 13, -9/144 HPs)
             Began as an Ogre Artificer on May 19, 2022.
             Was a High Priest of Okawaru.
             Mangled by a death yak (13 damage)
             ... on level 5 of the Lair of Beasts.
             The game lasted 01:18:14 (26339 turns).

OgAr the Basher (Ogre Artificer)                   Turns: 26339, Time: 01:18:14

Health: -9/144     AC:  5    Str: 21    XL:     13   Next: 26%
Magic:  19/19      EV: 14    Int: 12    God:    Okawaru [*****.]
Gold:   786        SH:  0    Dex: 11    Spells: 12/12 levels left

rFire   . . .      SeeInvis .   b - +0 great mace (protect)
rCold   . . .      Faith    +   (shield currently unavailable)
rNeg    . . .      Spirit   .   F - +0 robe
rPois   .          Reflect  .   (helmet restricted)
rElec   .          Harm     .   D - +1 cloak
rCorr   .          Rampage  .   (gloves unavailable)
Will    +....                   (boots unavailable)
Stlth   ++++......              I - amulet of faith
HPRegen 0.34/turn               s - ring of flight
MPRegen 0.16/turn               (no ring)

@: about to teleport, heroic, flying
A: large, unfitting armour, tough skin 1
a: Renounce Religion, Heroism, Finesse, Duel


You were on level 5 of the Lair of Beasts.
You worshipped Okawaru.
Okawaru was extremely pleased with you.
You visited 3 branches of the dungeon, and saw 16 of its levels.

You collected 786 gold pieces.

Inventory:

Hand Weapons
 a - a +4 flail of protection
 b - a +0 great mace of protection (weapon)
 d - a +0 giant club
 f - a +0 dagger of electrocution
 o - the +9 dagger of Dissent {freeze, rCorr SInv}
   (You found it on level 2 of the Dungeon)

   It freezes those it strikes, dealing additional cold damage.
   It can also slow down cold-blooded creatures.
   SInv:      It lets you see invisible.
   rCorr:     It protects you from acid and corrosion.
 u - the +4 short sword "Xoxugete" {venom, rElec rF- Dex+6}
   (You found it on level 2 of the Lair of Beasts)

   It poisons the flesh of those it strikes.
   Dex:       It affects your dexterity (+6).
   rF:        It makes you vulnerable to fire.
   rElec:     It insulates you from electricity.
 W - a +0 giant spiked club
Missiles
 E - 24 poisoned darts
 M - 2 throwing nets (quivered)
 Q - 3 silver boomerangs
 R - 8 boomerangs
Armour
 D - a +1 cloak (worn)
 F - a +0 robe (worn)
Jewellery
 n - a +6 ring of intelligence
 s - a ring of flight (left hand)
 B - a ring of magical power
 H - a ring of positive energy
 I - an amulet of faith (around neck)
 P - a ring of wizardry
 V - a +4 ring of evasion
Wands
 c - a wand of flame (2)
 e - a wand of iceblast (14)
 C - a wand of digging (7)
 T - a wand of paralysis (17)
Scrolls
 h - a scroll of noise
 r - a scroll of fog
 G - a scroll of magic mapping
 L - a scroll of immolation
 O - 2 scrolls of silence
 X - a scroll of teleportation
 Y - a scroll of acquirement
Potions
 g - 10 potions of curing
 j - 3 potions of brilliance
 k - 2 potions of cancellation
 m - 7 potions of mutation
 p - 2 potions of ambrosia
 q - a potion of might
 v - 5 potions of attraction
 x - 4 potions of degeneration {unknown}
 z - 2 potions of flight {unknown}
 J - 2 potions of berserk rage {unknown}
 K - 4 potions of heal wounds
 N - 4 potions of haste
 S - a potion of lignification {unknown}
 U - a potion of invisibility


   Skills:
 - Level 13.0(18.0) Fighting
 + Level 13.9(18.9) Maces & Flails
 + Level 3.8(8.8) Throwing
 - Level 8.0(13.0) Dodging
 - Level 4.0(9.0) Stealth
 - Level 8.0 Invocations
 - Level 2.4 Evocations


You had 12 spell levels left.
You didn't know any spells.
Your spell library contained the following spells:

 Spells                   Type           Power      Damage    Failure   Level
 Slow                     Hex            0%         N/A       32%         1
 Confusing Touch          Hex            0%         N/A       69%         3
 Vampiric Draining        Necr           0%         2d6       69%         3
 Passage of Golubria      Tloc           0%         N/A       97%         4
 Silence                  Hex/Air        0%         N/A       100%        5
 Conjure Ball Lightning   Conj/Air       0%         3x3d6     100%        6
 Borgnjor's Revivificati  Necr           0%         N/A       100%        8
 Discord                  Hex            0%         N/A       100%        8
 Disjunction              Tloc           0%         N/A       100%        8
 Lehudib's Crystal Spear  Conj/Erth      0%         10d2      100%        8
 Necromutation            Tmut/Necr      0%         N/A       100%        8
 Death's Door             Necr           0%         N/A       100%        9


Dungeon Overview and Level Annotations

Branches:
Dungeon (9/15)             Temple (1/1) D:6            Lair (6/6) D:8
 Shoals (0/4) Lair:2       Spider (0/4) Lair:4        Slime (0/5) Lair:6
    Orc: D:9-12

Altars:
Ashenzari
Cheibriados
Dithmenos
Elyvilon
Fedhas
Gozag
Hepliaklqana
Kikubaaqudgha
Makhleb
Nemelex Xobeh
Okawaru
Qazlal
Ru
Sif Muna
Trog
Uskayaw
Vehumet
Wu Jian
Xom
Yredelemnul
Zin
The Shining One

Shops:
D:1 (   D:3 *

Portals:
Abyss: D:5

Annotations:
D:4 1 runed translucent door, p0werm0de's ghost, amateur FoFi
D:5 2 transporters, HoaS's ghost, novice GrHu
D:7 4 exclusions
Lair:3 exclusion: oklob plant
Lair:4 exclusion: death yak


Innate Abilities, Weirdness & Mutations

You are too large for most types of armour.
You have tough skin. (AC +1)


Message History

There is a stone staircase leading down, spattered with blood here.
You hammer the death yak like a gong!!!
Your weapon exudes an aura of protection.
The death yak is heavily wounded.
The death yak gores you but does no damage.
You hit the death yak but do no damage.
The death yak is heavily wounded.
The death yak gores you!
You sock the death yak!
The death yak is severely wounded.
You bludgeon the death yak!!
The death yak is almost dead.
The death yak closely misses you.
You thump the death yak!
You kill the death yak!
Okawaru accepts your kill.
You fly downwards.
The death yak gores you. The death yak barely misses you.
The death yak gores you!
The cane toad stings you but does no damage.
The death yak gores you!! x2; The death yak closely misses you.
There is a stone staircase leading up, spattered with blood here.
The cane toad stings you but does no damage.
The blink frog blinks!
Something hits the fungus!
The fungus begins to die.
The cane toad stings you but does no damage.
The death yak gores you but does no damage.
The death yak gores you. The death yak closely misses you.
The yak bellows!
You fly upwards.
There is a stone staircase leading down, spattered with blood here.
As you read the scroll of teleportation, it crumbles to dust.
You feel strangely unstable. The cane toad stings you!
* * * LOW HITPOINT WARNING * * *
The death yak barely misses you. The death yak gores you!
* * * LOW HITPOINT WARNING * * *
The death yak gores you!!
* * * LOW HITPOINT WARNING * * *
The death yak attacks as you move away! The death yak gores you.
* * * LOW HITPOINT WARNING * * *
The death yak gores you!
You die...

..#.#####P.......## #......^#...
..##..###.........# #.......#...
........##.......## ##.......###.
................<.###........#...
......#..#.......###.........####
...................#..#..........
.........#......Y#....#..........
...............YFY....#.......###
......#.#P......@P.####.P..P#.# #
#...P..##.........## ##P..####
###.#######+....#.# ##...# #.##
#P...##### #.#.## ##..# #....#
##...# ##..### ##..## ##..### #
.P....#####..### ####'##.###
.....##....#...### ####........#.
#............P#..###.##..........


You could see 3 death yaks and a cane toad.

Vanquished Creatures
  Kirke (Lair:4)
  2 hydras
  A catoblepas (Lair:3)
  A boulder beetle (D:7)
  4 death yaks
  3 two-headed ogres
  Pikel (D:7)
  A necromancer (Lair:4)
  3 elephants (Lair:5)
  3 black mambas
  5 cane toads
  6 komodo dragons
  An unseen horror (D:7)
  A demonic crawler (Lair:4)
  2 rime drakes
  2 polar bears
  A slime creature (D:6)
  4 blink frogs
  A snapping turtle (Lair:2)
  A shadow (D:7)
  19 yaks
  2 wraiths
  5 basilisks
  2 wyverns
  A steam dragon (D:8)
  2 hogs (Lair:3)
  A human (Lair:4)
  Edmund (D:4)
  Menkaure (D:7)
  8 water moccasins
  4 ice beasts (D:7)
  2 orc warriors
  3 black bears
  A sky beast (D:8)
  A centaur (D:5)
  6 wolves
  2 ogres (D:7)
  3 lemures (D:7)
  2 phantoms
  3 kobold brigands
  18 bullfrogs
  A gnoll sergeant (D:6)
  7 scorpions
  6 wights
  An electric eel (Lair:4)
  3 howler monkeys (D:7)
  4 crimson imps (D:5)
  A hound (D:6)
  2 jellies
  Crazy Yiuf (D:4)
  2 gnoll shamans
  9 iguanas
  Ijyb (D:4)
  Natasha (D:4)
  2 orc wizards
  3 polar bear simulacra (Lair:5)
  5 yak simulacra (Lair:5)
  2 wolf simulacra (Lair:5)
  6 gnolls
  7 adders
  3 white imps (D:6)
  An ufetubus (D:4)
  4 worms
  A dart slug (D:3)
  10 orcs
  9 endoplasms
  3 giant cockroaches
  6 goblins
  4 hobgoblins
  2 jackals (D:3)
  28 kobolds
  4 quokkas
  4 ball pythons
  8 bats
  A frilled lizard (D:3)
  6 rats
  A river rat simulacrum (Lair:5)
  2 bushes (Lair:3)
292 creatures vanquished.

Vanquished Creatures (collateral kills)
  Natasha (D:4)
  An orc (D:4)
2 creatures vanquished.

Vanquished Creatures (others)
  An ogre (D:5)
  A hound (D:4)
  Natasha (D:4)
  A gnoll (D:6)
  44 fungi
  84 plants
  2 withered plants (D:4)
134 creatures vanquished.

Grand Total: 428 creatures vanquished

Notes
Turn   | Place    | Note
-------+----------+-------------------------------------------
     0 | D:1      | OgAr the Ogre Artificer began the quest for the Orb.
     0 | D:1      | Reached XP level 1. HP: 19/19 MP: 1/1
   220 | D:1      | Found Lobeyr's Weapon Boutique.
   489 | D:1      | Reached XP level 2. HP: 15/29 MP: 2/2
  1421 | D:2      | Identified the +9 dagger of Dissent {freeze, rCorr SInv}
  1547 | D:2      | Reached XP level 3. HP: 39/39 MP: 3/3
  2004 | D:3      | Noticed an ice beast
  2019 | D:3      | Found Huilolu's General Store.
  2150 | D:3      | Found an ancient bone altar of Kikubaaqudgha.
  2184 | D:3      | Found a snail-covered altar of Cheibriados.
  2184 | D:3      | Found a glowing golden altar of the Shining One.
  2184 | D:3      | Found an ornate altar of the Wu Jian Council.
  2503 | D:3      | Reached skill level 5 in Fighting
  2503 | D:3      | Reached XP level 4. HP: 44/50 MP: 4/4
  2625 | D:3      | Found a bloodstained altar of Trog.
  2873 | D:3      | Found a radiant altar of Vehumet.
  2873 | D:3      | Found a burning altar of Makhleb.
  3054 | D:4      | Noticed Natasha
  3059 | D:4      | Killed Natasha
  3252 | D:4      | Noticed Natasha
  3265 | D:4      | Reached XP level 5. HP: 54/61 MP: 5/5
  3274 | D:4      | Killed Natasha
  3435 | D:4      | Noticed a phantom
  3462 | D:4      | Killed a phantom
  3603 | D:4      | Reached XP level 6. HP: 62/72 MP: 6/6
  3702 | D:4      | Found a hide-covered altar of Uskayaw.
  3707 | D:4      | Noticed Edmund
  4153 | D:4      | Found a sparkling altar of Nemelex Xobeh.
  4187 | D:4      | Killed Edmund
  4188 | D:4      | Reached skill level 1 in Maces & Flails
  4396 | D:4      | Found a runed translucent door.
  4398 | D:4      | Noticed p0werm0de's ghost (amateur FoFi)
  4613 | D:4      | Noticed Ijyb
  4616 | D:4      | Paralysed by Ijyb for 2 turns
  4623 | D:4      | Killed Ijyb
  4846 | D:4      | Found a runed translucent door.
  4847 | D:4      | Noticed Crazy Yiuf
  4847 | D:4      | Noticed Natasha
  4852 | D:4      | Your ally Natasha died
  4857 | D:4      | Killed Crazy Yiuf
  4931 | D:4      | Found a runed translucent door.
  4960 | D:4      | Found a hide-covered altar of Uskayaw.
  4970 | D:4      | Found a sparkling altar of Nemelex Xobeh.
  5699 | D:5      | Entered Level 5 of the Dungeon
  5733 | D:5      | Reached XP level 7. HP: 74/80 MP: 7/7
  6082 | D:5      | Noticed a wraith
  6285 | D:5      | Killed a wraith
  6286 | D:5      | Reached skill level 5 in Maces & Flails
  6297 | D:5      | Found a transporter.
  6310 | D:5      | Found a transporter.
  6391 | D:5      | Reached XP level 8. HP: 78/88 MP: 8/8
  6518 | D:5      | Identified the +1 ring mail of the Sky {Dex+4}
  6591 | D:5      | Found a shimmering altar of Xom.
  6696 | D:5      | Noticed HoaS's ghost (novice GrHu)
  6697 | D:5      | Found a one-way gate to the infinite horrors of the Abyss.
  7638 | D:6      | Found a staircase to the Ecumenical Temple.
  7886 | D:7      | Noticed a two-headed ogre
  7886 | D:7      | Noticed a slime creature
  7886 | D:7      | Noticed a yak
  7891 | D:7      | Noticed a boulder beetle
  8005 | D:7      | Noticed a shadow
  8080 | D:6      | Reached skill level 1 in Stealth
  8138 | D:6      | Killed a slime creature
  8139 | D:6      | Reached XP level 9. HP: 62/96 MP: 9/9
  8467 | D:7      | Noticed Menkaure
  8642 | D:7      | Killed Menkaure
  8657 | D:7      | Killed a two-headed ogre
  8658 | D:7      | Reached skill level 5 in Dodging
  8707 | D:7      | Killed a boulder beetle
  8708 | D:7      | Reached XP level 10. HP: 72/107 MP: 10/10
  8915 | D:7      | Reached skill level 10 in Fighting
  8987 | Temple   | Entered the Ecumenical Temple
  9001 | Temple   | Became a worshipper of Warmaster Okawaru
  9426 | D:7      | Found an opulent altar of Gozag.
  9426 | D:7      | You are sucked into a shaft and drop 2 floors!
  9512 | D:9      | Reached skill level 1 in Invocations
 10643 | D:7      | Noticed Pikel
 10667 | D:7      | Killed Pikel
 10696 | D:7      | Reached * piety under Okawaru
 11022 | D:7      | Noticed a five-headed hydra
 11455 | D:7      | Noticed a deep elf pyromancer
 11489 | D:7      | Reached skill level 5 in Invocations
 11649 | D:7      | Noticed an unseen horror
 11668 | D:7      | Killed an unseen horror
 12241 | D:8      | Noticed a two-headed ogre
 12241 | D:8      | Noticed a two-headed ogre
 12263 | D:8      | Killed a two-headed ogre
 12263 | D:8      | Reached ** piety under Okawaru
 12264 | D:8      | Reached skill level 10 in Maces & Flails
 12264 | D:8      | Reached XP level 11. HP: 117/117 MP: 15/15
 12267 | D:8      | Killed a two-headed ogre
 12544 | D:8      | Found a staircase to the Lair.
 12937 | Lair:1   | Entered Level 1 of the Lair of Beasts
 13430 | Lair:1   | Reached *** piety under Okawaru
 14684 | Lair:2   | Identified the +4 short sword "Xoxugete" {venom, rElec rF-
                  | Dex+6}
 14857 | Lair:2   | Reached **** piety under Okawaru
 15722 | Lair:2   | Found a staircase to the Shoals.
 17163 | Lair:3   | Reached ***** piety under Okawaru
 17656 | Lair:2   | Found a staircase to the Shoals.
 18406 | Lair:3   | Reached XP level 12. HP: 115/126 MP: 18/18
 19334 | Lair:3   | Found a blossoming altar of Fedhas.
 19719 | Lair:4   | Received a gift from Okawaru
 20281 | Lair:4   | Noticed a death yak
 20302 | Lair:4   | Noticed a catoblepas
 20362 | Lair:3   | Killed a catoblepas
 20664 | Lair:4   | Found a hole to the Spider Nest.
 20719 | Lair:4   | Noticed a death yak
 20817 | Lair:4   | Noticed a death yak
 21297 | Lair:3   | Killed a death yak
 21736 | Lair:3   | Killed a death yak
 21736 | Lair:3   | Received a gift from Okawaru
 22586 | Lair:4   | Noticed Kirke
 22604 | Lair:4   | Killed Kirke
 24112 | Lair:5   | Noticed a five-headed hydra
 24126 | Lair:5   | Killed a five-headed hydra
 24127 | Lair:5   | Reached XP level 13. HP: 40/144 MP: 16/19
 24563 | Lair:5   | Identified a scroll of acquirement
 24714 | Lair:5   | Reached skill level 1 in Throwing
 25075 | Lair:6   | Entered Level 6 of the Lair of Beasts
 26339 | Lair:5   | HP: 4/144 [death yak (4)]
 26339 | Lair:5   | Mangled by a death yak

Illustrated notes

Levels and vault maps discovered:
D:1:      eino_arrival_tree_alley, layout_basic, serial_shops,
          nicolae_shop_hallway_stairs, serial_bayou_crossing
D:2:      layout_basic, serial_park_tiny_pond
D:3:      layout_loops_cross, grunt_temple_overflow_open, trog_hazing_becter,
          serial_shops, shop
D:4:      layout_loops_ring, eat_drink_and_be_merry_uskayaw, lemuel_round_altar,
          gammafunk_ghost_grave, hangedman_decor_push, patterned_corridor,
          uniq_crazy_yiuf_cottage, uniq_natasha, uniq_ijyb, uniq_edmund
D:5:      layout_cave_pools, led_xom_imps, gammafunk_ghost_abyssal_escape
D:6:      layout_basic, minmay_temple_entry_from_below_a
D:7:      nzn_winding_woodlands_large [nzn_winding_woodlands_hourglass,
          nzn_winding_woodlands_5x15_eye, nzn_winding_woodlands_5x5_open_star,
          nzn_winding_woodlands_center_triple_pond,
          nzn_winding_woodlands_15x15_killbox,
          nzn_winding_woodlands_center_diamonds,
          nzn_winding_woodlands_5x5_perimeter,
          nzn_winding_woodlands_5x15_garden, nzn_winding_woodlands_5x5_default],
          layout_basic, lemuel_tele_altar, minmay_chambers_of_fives, uniq_pikel,
          uniq_menkaure
D:8:      layout_gridville, grunt_lair_entry_orc_guard_hut
D:9:      layout_rooms, minivault_8, uniq_harold
Temple:   jpeg_temple_clearing
Lair:1:   layout_roguey, gauntlet_entry_generic
Lair:2:   layout_hall_layers, minmay_shoals_entry_hut, infiniplex_staircase_pool
Lair:3:   layout_cave_pods, tgw_fedhas, grunt_megastairs_2
Lair:4:   layout_gridlike, nicolae_spider_entry_non_spiders, grunt_megastairs_5,
          lemuel_fruit_tree, uniq_kirke
Lair:5:   layout_roguey, eino_house_with_fridge
Lair:6:   minmay_lair_end_frog_pond, layout_small_grid,
          nicolae_slime_entry_slimehenge, lemuel_old_faithful

Skill      XL: |  1  2  3  4  5  6  7  8  9 10 11 12 13 |
---------------+----------------------------------------+-----
Fighting       | 2 3 5 6 7 8 9 10 13 | 13.0
Maces & Flails | 3 5 8 10 12 13 | 13.9
Stealth        | 2 4 |  4.0
Dodging        | 3 6 8 |  8.0
Invocations    | 6 8 |  8.0
Throwing       | 3 |  3.8
Evocations     | |  2.4

Action                   |  1- 3 |  4- 6 |  7- 9 | 10-12 | 13-15 || total
-------------------------+-------+-------+-------+-------+-------++-------
Melee: Dagger            |   110 |    76 |       |    11 |       ||   197
       Club              |    12 |       |       |       |       ||    12
       Punch             |     1 |     4 |     1 |    24 |     1 ||    31
       Flail             |       |    17 |   195 |   833 |    53 ||  1098
       Great mace        |       |       |       |    16 |    41 ||    57
Throw: Dart              |       |     2 |    13 |   112 |       ||   127
       Boomerang         |       |       |       |    17 |    11 ||    28
       Throwing net      |       |       |       |     2 |     1 ||     3
Invok: Heroism           |       |       |       |    18 |     4 ||    22
       Finesse           |       |       |       |     2 |       ||     2
Evoke: Wand              |       |    17 |    18 |    14 |       ||    49
  Use: Scroll            |     2 |     1 |     4 |    14 |     7 ||    28
       Potion            |       |       |       |     1 |     1 ||     2
 Stab: Sleeping          |     2 |       |     1 |     4 |       ||     7
       Paralysed         |       |     3 |    10 |     5 |       ||    18
       Distracted        |       |       |       |     2 |       ||     2
Armor: Robe              |    44 |    25 |    86 |   224 |    42 ||   421
Dodge: Dodged            |    73 |    26 |   100 |   402 |    75 ||   676

Table legend: (Time is in decaauts)
 A = Elapsed time spent in this place.
 B = Non-inter-level travel time spent in this place.
 C = Inter-level travel time spent in this place.
 D = Time resting spent in this place.
 E = Time spent auto-exploring this place.
 F = Levels seen in this place.
 G = Mean time per level.
                   A        B        C        D        E       F      G
               +--------+--------+--------+--------+--------+-----+--------+
         Total |  26243 |  25034 |   1209 |   4904 |  15915 |  16 | 1640.2 |
       Dungeon |  13189 |  12540 |    649 |   2210 |   7894 |   9 | 1465.4 |
        Temple |    139 |    122 |     17 |      0 |    103 |   1 |  139.0 |
          Lair |  12914 |  12372 |    542 |   2694 |   7918 |   6 | 2152.3 |
               +--------+--------+--------+--------+--------+-----+--------+

Top non-repeatable levels by time:
  Lair:3: 3237 daAuts
  Lair:5: 2994 daAuts
  Lair:2: 2888 daAuts
     D:4: 2688 daAuts
     D:7: 2511 daAuts
  Lair:4: 2149 daAuts
     D:6: 2087 daAuts
     D:8: 1667 daAuts
  Lair:1: 1549 daAuts
     D:1: 1300 daAuts
     D:3: 1037 daAuts
     D:5: 1036 daAuts
     D:2: 768 daAuts
  Temple: 139 daAuts
  Lair:6: 94 daAuts
